 Dungeon Crawl Stone Soup version 0.28.0-47-ge53b351184 (webtiles) character file.

Game seed: 11380223910016873548

12625 bobregger the Fighter (level 11, -6/78 HPs)
             Began as a Gargoyle Gladiator on Apr 28, 2022.
             Was a Priest of the Shining One.
             Mangled by a skeletal warrior
             ... wielding a +0 scimitar
              (12 damage)
             ... on level 9 of the Dungeon.
             The game lasted 00:15:12 (13507 turns).

bobregger the Fighter (Gargoyle Gladiator)         Turns: 13507, Time: 00:15:13

Health: -6/78      AC: 23    Str: 22    XL:     11   Next: 96%
Magic:  11/11      EV: 13    Int:  9    God:    the Shining One [***...]
Gold:   311        SH:  0    Dex:  8    Spells: 10/10 levels left

rFire   + + .      SeeInvis .   a - +0 quarterstaff
rCold   . . .      Faith    .   (shield currently unavailable)
rNeg    + + .      Spirit   .   k - +0 chain mail of Compassion {rElec rPois rF++ Dex-3}
rPois   ∞          Reflect  .   H - +1 helmet
rElec   +          Harm     .   (no cloak)
rCorr   .          Rampage  .   (no gloves)
Will    .....                   (no boots)
Stlth   ..........              q - amulet of regeneration
HPRegen 1.03/turn               y - +4 ring of evasion
MPRegen 0.12/turn               (no ring)

@: glowing
A: sickness immunity, AC +8, negative energy resistance 1, electricity
resistance, torment resistance 1, petrification resistance
a: Renounce Religion, Divine Shield, Cleansing Flame


You were on level 9 of the Dungeon.
You worshipped the Shining One.
The Shining One was most pleased with you.
You visited 2 branches of the dungeon, and saw 11 of its levels.

You collected 585 gold pieces.
You spent 274 gold pieces at shops.

Inventory:

Hand Weapons
 a - a +0 quarterstaff (weapon)
Missiles
 d - 7 throwing nets (quivered)
Armour
 k - the +0 chain mail of Compassion (worn) {rElec rPois rF++ Dex-3}
   (You bought it in a shop on level 9 of the Dungeon)

   Dex:       It affects your dexterity (-3).
   rF:        It greatly protects you from fire.
   rElec:     It insulates you from electricity.
   rPois:     It protects you from poison.
 H - a +1 helmet (worn)
Jewellery
 f - an amulet of magic regeneration
 q - an amulet of regeneration (around neck)
 y - a +4 ring of evasion (left hand)
 C - a ring of ice
 J - a ring of see invisible
Wands
 c - a wand of acid (13)
 j - a wand of mindburst (25)
 z - a wand of flame (14)
 E - a wand of digging (1)
 F - a wand of iceblast (9)
Scrolls
 b - a scroll of summoning {unknown}
 e - 5 scrolls of teleportation {unknown}
 g - 4 scrolls of immolation {unknown}
 h - 7 scrolls of identify {unknown}
 i - a scroll of noise {unknown}
 m - 4 scrolls of vulnerability {unknown}
 n - a scroll of torment {unknown}
 t - 2 scrolls of enchant weapon {unknown}
 u - 4 scrolls of holy word {unknown}
 w - 2 scrolls of enchant armour {unknown}
 A - a scroll of magic mapping {unknown}
 G - a scroll of brand weapon {unknown}
Potions
 o - 2 potions of cancellation {unknown}
 p - a potion of brilliance {unknown}
 r - a potion of flight {unknown}
 s - 2 potions of magic {unknown}
 v - 3 potions of lignification {unknown}
 x - 2 potions of mutation {unknown}
 B - a potion of degeneration {unknown}
 I - a potion of attraction {unknown}


   Skills:
 * Level 13.1 Fighting
 + Level 9.0 Staves
 - Level 1.7 Throwing
 * Level 12.9 Armour
 - Level 2.4 Dodging


You had 10 spell levels left.
You didn't know any spells.
Your spell library contained the following spells:

 Spells                   Type           Power      Damage    Failure   Level
 Sandblast                Erth           0%         2d4       91%         1
 Slow                     Hex            0%         N/A       91%         1
 Corpse Rot               Necr/Air       0%         N/A       97%         2
 Passwall                 Tmut/Erth      0%         N/A       97%         2
 Poisonous Vapours        Pois/Air       0%         N/A       97%         2
 Static Discharge         Conj/Air       0%         N/A       97%         2
 Confusing Touch          Hex            0%         N/A       99%         3
 Portal Projectile        Hex/Tloc       0%         N/A       99%         3
 Stone Arrow              Conj/Erth      0%         3d7       99%         3
 Vampiric Draining        Necr           0%         2d6       99%         3
 Fulminant Prism          Conj/Hex       0%         3d6       100%        4
 Iskenderun's Mystic Bla  Conj/Tloc      0%         2d3       100%        4
 Blade Hands              Tmut           0%         N/A       100%        5
 Excruciating Wounds      Necr           0%         N/A       100%        5
 Lee's Rapid Deconstruct  Erth           0%         3d5*      100%        5
 Lightning Bolt           Conj/Air       0%         1d11      100%        5
 Maxwell's Capacitive Co  Air            0%         ∞         100%        8


Dungeon Overview and Level Annotations

Branches:
Dungeon (10/15)            Temple (1/1) D:4
   Lair: D:8-11         Orc: D:9-12

Altars:
Ashenzari
Cheibriados
Dithmenos
Elyvilon
Fedhas
Gozag
Hepliaklqana
Kikubaaqudgha
Makhleb
Nemelex Xobeh
Okawaru
Qazlal
Ru
Sif Muna
Trog
Uskayaw
Vehumet
Wu Jian
Xom
Yredelemnul
Zin
The Shining One

Shops:
D:2 (   D:9 (![[


Innate Abilities, Weirdness & Mutations

You are immune to sickness and miasma.
Your stone body is resilient. (AC +8)
You are immune to poison.
You resist negative energy. (rN+)
You are resistant to electric shocks. (rElec)
You are resistant to unholy torment.
You are immune to petrification.


Message History

The skeletal warrior is moderately damaged.
The skeletal warrior hits you with a +0 scimitar!
You bludgeon the skeletal warrior!!
The skeletal warrior is severely damaged.
You thump the skeletal warrior!
The skeletal warrior is almost destroyed.
The skeletal warrior closely misses you.
You barely miss the skeletal warrior.
The skeletal warrior is almost destroyed.
The skeletal warrior hits you with a +0 scimitar.
You barely miss the skeletal warrior.
The skeletal warrior is almost destroyed.
The skeletal warrior hits you but does no damage.
You hit the skeletal warrior.
The skeletal warrior is almost destroyed.
The skeletal warrior hits you but does no damage.
You hit the skeletal warrior but do no damage.
The skeletal warrior is almost destroyed.
The skeletal warrior hits you with a +0 scimitar!!
* * * LOW HITPOINT WARNING * * *
You barely miss the skeletal warrior.
The skeletal warrior is almost destroyed.
The skeletal warrior hits you with a +0 scimitar.
* * * LOW HITPOINT WARNING * * *
You hit the skeletal warrior.
The skeletal warrior is almost destroyed.
You barely miss the skeletal warrior.
The skeletal warrior is almost destroyed.
The skeletal warrior completely misses you.
You hit the skeletal warrior but do no damage.
The skeletal warrior is almost destroyed.
The skeletal warrior hits you with a +0 scimitar.
* * * LOW HITPOINT WARNING * * *
You hit the skeletal warrior but do no damage.
The skeletal warrior is almost destroyed.
The skeletal warrior hits you but does no damage.
You hit the skeletal warrior but do no damage.
The skeletal warrior is almost destroyed.
The skeletal warrior hits you with a +0 scimitar!
You die...

### #.# #.# ##.#
##############
...#####.......>@...#
................z...#
..........)...#######
............[<#
'###........[.#######
...#.......)[.......#
...#..######........#
...#..# #........#
...#..# #........#


You could see a skeletal warrior.

Vanquished Creatures
  Harold (D:9)
  A boulder beetle (D:10)
  Erica (D:9)
  A two-headed ogre (D:8)
  A centaur warrior (D:8)
  2 cyclopes (D:8)
  A gargoyle (D:10)
  2 unseen horrors (D:10)
  A kobold demonologist (D:10)
  Maggie (D:9)
  2 trolls
  A komodo dragon (D:10)
  A hornet (D:8)
  2 wraiths
  13 yaks
  A wyvern (D:10)
  A shadow (D:10)
  Eustachio (D:5)
  Edmund (D:5)
  3 water moccasins
  2 black bears (D:10)
  4 orc warriors
  2 ice beasts (D:5)
  3 ogres
  4 centaurs
  Blork the orc (D:5)
  A kobold brigand (D:10)
  4 bullfrogs
  A gnoll sergeant (D:9)
  4 scorpions
  5 killer bees (D:10)
  5 wights
  4 howler monkeys
  A centaur zombie (D:8)
  2 hounds
  5 orc priests
  2 jellies
  A bullfrog zombie (D:7)
  2 bullfrog skeletons (D:5)
  3 centaur skeletons
  3 iguanas
  9 orc wizards
  2 killer bee zombies
  A howler monkey skeleton (D:7)
  A howler monkey zombie (D:9)
  8 adders
  6 gnolls
  A white imp (D:7)
  An adder skeleton (D:4)
  4 worms
  4 dart slugs
  26 orcs
  5 endoplasms
  3 giant cockroaches
  12 hobgoblins
  5 kobolds
  A quokka (D:2)
  8 ball pythons
  3 bats
  2 frilled lizards
  6 goblins
  6 rats
211 creatures vanquished.

Vanquished Creatures (others)
  4 fungi (D:10)
  6 plants
10 creatures vanquished.

Grand Total: 221 creatures vanquished

Notes
Turn   | Place    | Note
-------+----------+-------------------------------------------
     0 | D:1      | bobregger the Gargoyle Gladiator began the quest for the
                  | Orb.
     0 | D:1      | Reached XP level 1. HP: 12/12 MP: 1/1
   351 | D:1      | Reached XP level 2. HP: 18/18 MP: 2/2
   355 | D:1      | Reached skill level 1 in Armour
   625 | D:1      | Reached XP level 3. HP: 4/22 MP: 3/3
  1153 | D:1      | Found a faded altar of an unknown god.
  1342 | D:1      | Reached skill level 3 in Fighting
  2563 | D:2      | Reached XP level 4. HP: 28/28 MP: 4/4
  2720 | D:2      | Found Copaw's Antique Weapon Boutique.
  3140 | D:3      | Noticed a water moccasin
  3151 | D:2      | Killed a water moccasin
  3152 | D:2      | Reached skill level 4 in Fighting
  3152 | D:2      | Reached XP level 5. HP: 31/34 MP: 5/5
  4375 | D:4      | Reached XP level 6. HP: 36/39 MP: 6/6
  4430 | D:4      | Found a staircase to the Ecumenical Temple.
  4500 | Temple   | Entered the Ecumenical Temple
  4747 | Temple   | Became a worshipper of the Shining One
  5160 | D:4      | Reached skill level 5 in Fighting
  5855 | D:4      | Found a shimmering blue altar of Sif Muna.
  6074 | D:5      | Entered Level 5 of the Dungeon
  6186 | D:5      | Reached XP level 7. HP: 10/44 MP: 7/7
  6788 | D:5      | Reached skill level 5 in Armour
  6920 | D:5      | Reached skill level 6 in Fighting
  7120 | D:5      | Noticed Blork the orc
  7129 | D:5      | Killed Blork the orc
  7130 | D:5      | Reached XP level 8. HP: 49/52 MP: 8/8
  7203 | D:5      | Reached skill level 5 in Staves
  7362 | D:5      | Noticed Edmund
  7376 | D:5      | Killed Edmund
  7563 | D:5      | Found a shadowy altar of Dithmenos.
  7660 | D:5      | Reached skill level 7 in Fighting
  7918 | D:6      | Noticed Eustachio
  8387 | D:5      | Killed Eustachio
  9256 | D:6      | Reached skill level 8 in Fighting
  9256 | D:6      | Reached XP level 9. HP: 59/59 MP: 9/9
  9714 | D:7      | Reached * piety under the Shining One
  9835 | D:7      | Found a hazy altar of Hepliaklqana.
 10069 | D:7      | Found a stormy altar of Qazlal.
 10501 | D:7      | Found an opulent altar of Gozag.
 10548 | D:7      | Found a glowing silver altar of Zin.
 10660 | D:8      | Noticed a cyclops
 10710 | D:8      | Killed a cyclops
 10711 | D:8      | Reached skill level 9 in Fighting
 10789 | D:8      | Noticed a centaur warrior
 10815 | D:8      | Killed a centaur warrior
 10816 | D:8      | Reached XP level 10. HP: 47/68 MP: 10/10
 10954 | D:8      | Noticed a two-headed ogre
 10955 | D:8      | Noticed a cyclops
 10963 | D:8      | Killed a two-headed ogre
 10964 | D:8      | Reached skill level 10 in Fighting
 10964 | D:8      | Reached skill level 10 in Armour
 10976 | D:8      | Killed a cyclops
 10994 | D:8      | Reached ** piety under the Shining One
 11189 | D:8      | Found an iron altar of Okawaru.
 11191 | D:8      | Found a snail-covered altar of Cheibriados.
 11192 | D:8      | Found a broken altar of Ashenzari.
 11591 | D:9      | Found a radiant altar of Vehumet.
 11620 | D:9      | Found Leubli's Antique Weapon Shoppe.
 11629 | D:9      | Noticed Maggie
 11646 | D:9      | Killed Maggie
 11647 | D:9      | Found Nis Anka's Distillery.
 11900 | D:9      | Bought a potion of heal wounds for 65 gold pieces
 11914 | D:9      | Reached skill level 11 in Fighting
 12072 | D:9      | Noticed Harold
 12083 | D:9      | Killed Harold
 12084 | D:9      | Found Nor Ovom's Antique Armour Shoppe.
 12095 | D:9      | Bought a masterwork chain mail for 209 gold pieces
 12095 | D:9      | Identified the +0 chain mail of Compassion {rElec rPois
                  | rF++ Dex-3} (You bought it in a shop on level 9 of the
                  | Dungeon)
 12225 | D:9      | Noticed Erica
 12259 | D:9      | Reached XP level 11. HP: 75/75 MP: 11/11
 12270 | D:9      | Killed Erica
 12342 | D:9      | Reached skill level 12 in Fighting
 12509 | D:9      | Found Tyrpha Coopn's Antique Armour Shop.
 12822 | D:10     | Entered Level 10 of the Dungeon
 13079 | D:10     | Found a basalt altar of Yredelemnul.
 13152 | D:10     | Reached *** piety under the Shining One
 13221 | D:10     | Noticed a boulder beetle
 13227 | D:10     | Noticed a sun demon
 13279 | D:10     | Killed a boulder beetle
 13280 | D:10     | Reached skill level 13 in Fighting
 13414 | D:10     | Noticed a manticore
 13414 | D:10     | Noticed a manticore
 13414 | D:10     | Noticed a boulder beetle
 13414 | D:10     | Noticed a skeletal warrior
 13416 | D:10     | Noticed an orc knight
 13444 | D:10     | The Shining One protects you from harm!
 13507 | D:9      | Mangled by a skeletal warrior

Illustrated notes

Levels and vault maps discovered:
D:1:      minmay_arrival_three_doors, layout_loops_corners,
          ebering_ecumenical_altar_webs
D:2:      minmay_recursive_quarters, layout_basic, serial_shops,
          nicolae_shop_crystal
D:3:      layout_loops_corners, serial_co_window_serial, co_window_cross_1,
          co_window_paths_a, co_window_corner_a, co_window_paths_a,
          co_window_paths_a, co_window_corner_ca, co_window_broadway_b,
          co_window_broadway_c, co_window_unsneaky_path_c,
          co_window_of_opportunity_b, co_window_sun, glass_columns_b,
          glass_columns_b, glass_columns_a, glass_columns_a, glass_columns_a
D:4:      layout_loops_ring, nicolae_sif_muna_little_library,
          minmay_temple_entry_purple_smoke, dk_noncrumbling_3,
          serial_bayou_ford_a, item_on_display_a
D:5:      layout_gridville, kennysheep_mini, minivault_23, uniq_blork_the_orc,
          uniq_edmund
D:6:      layout_gridville, corexii_leaking_fountain, uniq_eustachio
D:7:      layout_basic, kennysheep_mini_moat,
          pdpol_temple_overflow_zin_treasury_gozag_greed, kennysheep_little_box
D:8:      minmay_curly_fans, layout_loops_ring, grunt_temple_overflow_open,
          chequers_arboretum
D:9:      layout_irregular_city, nicolae_overflow_hidden_temple, serial_shops,
          nicolae_take_the_stairs, shop, nicolae_shop_advertising_works
          [nicolae_subvault_shop_adworks], shop, eino_tiny_chamber,
          roderic_roman_lattice, uniq_maggie, uniq_erica, uniq_harold
D:10:     minmay_the_grid_plus_closed [minmay_the_grid_outer_circle,
          minmay_the_grid_minigrid_large, minmay_the_grid_large_cup,
          minmay_the_grid_rooms, minmay_the_grid_prize_big_room],
          layout_gridville, mainiacjoe_overflow_chevrons,
          grunt_lair_entry_orc_guard_hut, serial_shops, shop,
          minmay_protected_statue
Temple:   grunt_temple_mini_profane

Skill      XL: |  1  2  3  4  5  6  7  8  9 10 11 |
---------------+----------------------------------+-----
Armour         | 1 2 3 4 5 7 9 11 12 | 12.9
Fighting       | 3 4 5 6 8 9 11 13 | 13.1
Staves         | 4 5 6 8 9 |  9.0
Throwing       | |  1.7
Dodging        | |  2.4

Action                   |  1- 3 |  4- 6 |  7- 9 | 10-12 || total
-------------------------+-------+-------+-------+-------++-------
Melee: Quarterstaff      |   114 |   175 |   312 |   495 ||  1096
Evoke: Wand              |       |       |       |     2 ||     2
  Use: Potion            |       |     1 |     5 |     6 ||    12
Armor: Leather armour    |    12 |       |       |       ||    12
       Ring mail         |    28 |       |       |       ||    28
       Chain mail        |       |   115 |   262 |   306 ||   683
Dodge: Dodged            |    72 |    67 |   186 |   374 ||   699
